 Dungeon Crawl Stone Soup version 0.22-a0-99-g1ac4c55 (webtiles) character file.

95 nono the Skirmisher (level 4, -11/55 HPs)
             Began as an Ogre Fighter on Jan 25, 2018.
             Mangled by Pikel
             ... wielding a +1 whip of electrocution
              (18 damage)
             ... on level 4 of the Dungeon.
             The game lasted 00:04:17 (3017 turns).

nono the Skirmisher (Ogre Fighter)                  Turns: 3017, Time: 00:04:18

Health: -11/55     AC:  3    Str: 25    XL:     4   Next: 66%
Magic:  4/4        EV:  8    Int: 14    God:
Gold:   206        SH:  8    Dex:  8    Spells: 3/3 levels left

rFire    . . .     SeeInvis .   a - +0 flail
rCold    . . .     Gourm    .   c - +0 shield
rNeg     . . .     Faith    .   b - +0 robe
rPois    .         Spirit   .   (helmet restricted)
rElec    .         Reflect  .   (no cloak)
rCorr    .         Harm     .   (gloves unavailable)
MR       .....                  (boots unavailable)
Stlth    +.........             (no amulet)
HPRegen  0.18/turn              i - +4 ring of intelligence
MPRegen  0.09/turn              (no ring)

@: mighty
A: large, unfitting armour, tough skin 1
a: no special abilities


You were on level 4 of the Dungeon.
You were not hungry.

You visited 1 branch of the dungeon, and saw 4 of its levels.

You collected 206 gold pieces.

Inventory:

Hand Weapons
 a - a +0 flail (weapon)
Missiles
 q - 6 tomahawks (quivered)
Armour
 b - a +0 robe (worn)
 c - a +0 shield (worn)
Jewellery
 i - a +4 ring of intelligence (left hand)
 n - an uncursed amulet of rage {unknown}
Scrolls
 e - a scroll of enchant armour {unknown}
 g - 2 scrolls of amnesia {unknown}
 h - 3 scrolls of blinking {unknown}
 k - 2 scrolls of immolation {unknown}
 m - a scroll of teleportation {unknown}
 r - a scroll of identify {unknown}
 t - a scroll of enchant weapon {unknown}
Potions
 d - a potion of might
 j - a potion of heal wounds {unknown}
 l - 6 potions of curing {unknown}
 o - a potion of degeneration {unknown}
 p - a potion of flight {unknown}
 s - a potion of lignification {unknown}
Comestibles
 f - 8 rations


   Skills:
 + Level 7.0 Fighting
 - Level 1.7 Maces & Flails
 - Level 2.6 Dodging
 - Level 2.6 Shields


You had 3 spell levels left.
You didn't know any spells.

Dungeon Overview and Level Annotations

Branches:
Dungeon (4/15)
 Temple: D:4-7

Altars:

Annotations:
D:4 Pikel


Innate Abilities, Weirdness & Mutations

You are too large for most types of armour.
You have tough skin. (AC +1)


Message History

You hit Pikel.
Pikel is lightly wounded.
Pikel hits you but does no damage.
You are electrocuted!
Pikel hits you with a whip of electrocution!
You are electrocuted!
You hit Pikel.
Pikel is lightly wounded.
Pikel hits you with a whip of electrocution.
You closely miss Pikel.
Pikel is lightly wounded.
You block Pikel's attack.
You hit Pikel.
Pikel is moderately wounded.
Pikel waves his whip at you.
Pikel hits you with a whip of electrocution.
* * * LOW HITPOINT WARNING * * *
Pikel hits you with a whip of electrocution.
* * * LOW HITPOINT WARNING * * *
You are electrocuted!
You die...

############
#..........##
##.######...# #.#
#...# #.# #...#
#.# #...##### #.#
#.......####.$.
#.#
###......@Kppp.>.
#.#
#.........####...
#.# #.........#
#.# #.........#
#.# #.........#
#.# ###...#####
#.# ############
#.# #..........#
#.# #..........#


You could see Pikel and 3 slaves.

Vanquished Creatures
  An adder (D:2)
  An ooze (D:2)
  3 dart slugs
  3 orcs (D:3)
  5 giant cockroaches
  9 goblins
  6 hobgoblins
  8 jackals
  3 quokkas (D:3)
  10 bats
  2 frilled lizards (D:1)
  6 kobolds
  8 rats
65 creatures vanquished.

Notes
Turn   | Place    | Note
-------+----------+-------------------------------------------
     0 | D:1      | nono the Ogre Fighter began the quest for the Orb.
     0 | D:1      | Reached XP level 1. HP: 24/24 MP: 1/1
   197 | D:1      | Reached XP level 2. HP: 32/33 MP: 2/2
   273 | D:1      | Reached skill level 5 in Fighting
   461 | D:1      | Reached XP level 3. HP: 23/42 MP: 3/3
  1279 | D:2      | Reached skill level 6 in Fighting
  1624 | D:2      | Reached XP level 4. HP: 49/53 MP: 4/4
  2559 | D:3      | Reached skill level 7 in Fighting
  3009 | D:4      | Noticed Pikel
  3010 | D:4      | Noticed a slave
  3012 | D:4      | Noticed a slave
  3013 | D:4      | Noticed a slave
  3017 | D:4      | Mangled by Pikel

Vault maps used:
D:1:      shiori_shiawase
D:2:      minmay_misc_feat_tiny, st_stairs_9
D:3:      minmay_vboxes
D:4:      uniq_blork_the_orc, uniq_pikel

Skill      XL: |  1  2  3  4 |
---------------+-------------+-----
Fighting       | 5 6 7 |  7.0
Maces & Flails | |  1.7
Dodging        | |  2.6
Shields        | |  2.6

Action                   |  1- 3 |  4- 6 || total
-------------------------+-------+-------++-------
Melee: Flail             |   146 |    82 ||   228
  Use: Potion            |       |     1 ||     1
  Eat: Chunk             |     2 |     5 ||     7
Armor: Robe              |    46 |    29 ||    75
Dodge: Dodged            |    61 |    36 ||    97
Block: Shield            |    75 |    45 ||   120

Table legend:
 A = Spawn XP
 B = Non-spawn XP
 C = Spawn XP percentage of total XP
 D = Spawn monster count
 E = Non-spawn monster count
 F = Spawn count percentage of total count
 G = Total turns spent on level
                    A         B        C        D         E        F      G
               +---------+---------+-------+---------+---------+-------+---------
         Total |       0 |     137 |   0.0 |       0 |      65 |   0.0 |  3017
               +---------+---------+-------+---------+---------+-------+---------
           D:1 |       0 |      49 |   0.0 |       0 |      27 |   0.0 |  1092
           D:2 |       0 |      33 |   0.0 |       0 |      10 |   0.0 |  1016
           D:3 |       0 |      55 |   0.0 |       0 |      28 |   0.0 |   792
               +---------+---------+-------+---------+---------+-------+---------
